 Dungeon Crawl Stone Soup version 0.25-a0-413-g3b4b6a4 (webtiles) character file.

Game seed: 2105360369490361439, levelgen mode: deterministic

74 2tousent the Vexing (level 4, -2/32 HPs)
             Began as a Demonspawn Enchanter on Jan 16, 2020.
             Slain by a small abomination (8 damage)
             ... created by the touch of Lugonu
             ... on level 2 of the Dungeon.
             The game lasted 00:07:31 (2717 turns).

2tousent the Vexing (Demonspawn Enchanter)          Turns: 2717, Time: 00:07:32

Health: -2/32      AC:  5    Str: 10    XL:     4   Next: 9%
Magic:  0/7        EV: 10    Int: 16    God:
Gold:   67         SH:  0    Dex: 13    Spells: 6/7 levels left

rFire    . . .     SeeInvis .   a - +1 dagger
rCold    . . .     Gourm    .   (no shield)
rNeg     . . .     Faith    .   k - +0 ring mail
rPois    .         Spirit   +   (helmet restricted)
rElec    .         Reflect  .   (no cloak)
rCorr    .         Harm     .   (no gloves)
MR       .....                  (no boots)
Stlth    +.........             (no amulet)
HPRegen  0.10/turn              (no ring)
MPRegen  0.10/turn              (no ring)

@: slightly contaminated
A: antennae 1, hooves 1, magic shield
a: no special abilities


You were on level 2 of the Dungeon.
You were not hungry.

You visited 1 branch of the dungeon, and saw 2 of its levels.

You collected 67 gold pieces.

Inventory:

Hand Weapons
 a - a +1 dagger (weapon)
Missiles
 j - 8 javelins (quivered)
 l - 2 throwing nets
Armour
 b - a +0 robe
 f - a +2 helmet
 k - a +0 ring mail (worn)
Scrolls
 c - a scroll of fog
 e - a scroll of teleportation
 h - 2 scrolls of identify
 m - a scroll of remove curse {unknown}
Potions
 g - a potion of magic
 i - a potion of brilliance
 n - a potion of invisibility {unknown}
 p - a potion of flight {unknown}
Comestibles
 d - 4 rations
 o - 7 chunks of flesh


   Skills:
 + Level 1.1 Fighting
 - Level 1.2 Short Blades
 + Level 1.1 Armour
 + Level 2.1 Dodging
 - Level 2.9 Stealth
 * Level 1.6 Unarmed Combat
 - Level 2.1 Spellcasting
 - Level 3.1 Hexes


You had 6 spell levels left.
You knew the following spells:

 Your Spells              Type           Power        Failure   Level  Hunger
a - Corona                Hex            ##.....      14%         1    #......

Your spell library contained the following spells:

 Spells                   Type           Power        Failure   Level  Hunger
 Ensorcelled Hibernation  Hex/Ice        #.....       38%         2    ###....
 Confusing Touch          Hex            ##......     38%         3    ###....
 Tukima's Dance           Hex            ##......     38%         3    ###....
 Dazzling Flash           Conj/Hex       #.....       63%         3    ###....


Dungeon Overview and Level Annotations

Branches:
Dungeon (2/15)

Altars:
Lugonu


Innate Abilities, Weirdness & Mutations

You have a pair of small antennae on your head.
You have large cloven feet.
When hurt, damage is shared between your health and your magic reserves.


Message History

You are contaminated with residual magic.
Lugonu sends minions to punish you.
A small abomination comes into view.
The small abomination misses you.
The small abomination closely misses you.
You feel less contaminated with magical energies.
The small abomination closely misses you.
The small abomination closely misses you.
The small abomination hits you but does no damage.
The small abomination misses you. The small abomination hits you!
The small abomination closely misses you.
The small abomination hits you but does no damage.
The small abomination hits you but does no damage.
The small abomination hits you!
* * * LOW HITPOINT WARNING * * *
The small abomination hits you.
* * * LOW HITPOINT WARNING * * *
The small abomination hits you!
You die...

....(..######....≈≈≈≈≈≈≈≈≈≈...###
####.#.....##..≈≈≈≈≈≈.≈≈≈≈≈≈#.# #
#.#.###.##.#≈.≈≈≈♣_.≈≈≈..#.# #
#.#.#.......≈.≈≈≈.♣.≈≈≈.≈#.#
#.#.#....>....≈≈≈≈≈≈≈≈≈....#
#.#......##..≈≈≈≈≈≈≈≈≈)≈..##
#.#.#.##.##..≈≈≈≈≈≈≈≈≈≈≈..#
#.†..........≈..≈≈.≈.≈.≈..#
#####.##.##.≈@.≈...≈≈≈..≈.####
##### #.##.##.##x####...........
....# #.......##.# #######.####
###.#######.#####.# #.#
#...............# #.#
#########.################.# #.#
#.........# #.########.#########
#..........#


You could see a small abomination.

Vanquished Creatures
  An adder (D:2)
  An ooze (D:1)
  2 worms (D:2)
  2 dart slugs
  A leopard gecko (D:2)
  5 bats (D:2)
  A giant cockroach (D:2)
  5 hobgoblins
  8 jackals
  4 kobolds
  A quokka (D:2)
  2 frilled lizards (D:2)
  8 goblins
  4 rats
45 creatures vanquished.

Notes
Turn   | Place    | Note
-------+----------+-------------------------------------------
     0 | D:1      | 2tousent the Demonspawn Enchanter began the quest for the
                  | Orb.
     0 | D:1      | Reached XP level 1. HP: 13/13 MP: 3/3
    49 | D:1      | Reached skill level 1 in Short Blades
   330 | D:1      | Gained mutation: You have a pair of small antennae on your
                  | head. [demonic ancestry]
   330 | D:1      | Reached XP level 2. HP: 19/19 MP: 5/5
  1367 | D:2      | Reached skill level 1 in Unarmed Combat
  1367 | D:2      | Gained mutation: When hurt, damage is shared between your
                  | health and your magic reserves. [demonic ancestry]
  1367 | D:2      | Reached XP level 3. HP: 19/25 MP: 6/6
  2109 | D:2      | Found a faded altar of an unknown god.
  2140 | D:2      | Became a worshipper of Lugonu the Unformed
  2140 | D:2      | Reached * piety under Lugonu
  2140 | D:2      | Reached ** piety under Lugonu
  2141 | D:2      | Fell from the grace of Lugonu
  2504 | D:2      | Reached skill level 1 in Fighting
  2504 | D:2      | Reached skill level 1 in Armour
  2569 | D:2      | Gained mutation: You have large cloven feet. [demonic
                  | ancestry]
  2569 | D:2      | Reached XP level 4. HP: 11/32 MP: 5/7
  2670 | D:2      | Noticed a small abomination
  2717 | D:2      | Slain by a small abomination

Levels and vault maps discovered:
D:1:      eino_arrival_cavern_e, layout_basic
D:2:      layout_loops_ring, chequers_ecumenical_altar_island, first_ration

Skill      XL: |  1  2  3 |
---------------+----------+-----
Short Blades   | 1 |  1.2
Dodging        | 2 |  2.1
Unarmed Combat | 1 |  1.6
Fighting       | 1 |  1.1
Armour         | 1 |  1.1
Stealth        | |  2.9
Spellcasting   | |  2.1
Hexes          | |  3.1

Action                   |  1- 3 |  4- 6 || total
-------------------------+-------+-------++-------
Melee: Dagger            |   269 |    19 ||   288
       Kick              |       |     5 ||     5
 Cast: Corona            |     1 |       ||     1
Invok: Renounce Religion |     1 |       ||     1
  Use: Scroll            |     5 |       ||     5
 Stab: Sleeping          |     5 |       ||     5
  Eat: Chunk             |     5 |     1 ||     6
Armor: Robe              |     2 |       ||     2
       Ring mail         |    77 |    11 ||    88
Dodge: Dodged            |   158 |    20 ||   178

Table legend:
 A = Non-vault XP
 B = Vault XP
 C = Vault XP percentage of total XP
 D = Non-vault monster count
 E = Vault monster count
 F = Vault count percentage of total count
                 A         B        C        D         E       F
            +---------+---------+-------+---------+---------+-------
      Total |     106 |       0 |   0.0 |      45 |       0 |   0.0
            +---------+---------+-------+---------+---------+-------
        D:1 |      29 |       0 |   0.0 |      12 |       0 |   0.0
        D:2 |      77 |       0 |   0.0 |      33 |       0 |   0.0
            +---------+---------+-------+---------+---------+-------
